 Dungeon Crawl Stone Soup version 0.22-a0-422-g9628fc8 (webtiles) character file.

42 StormFighter the Chopper (level 3, 0/31 HPs)
             Began as a Minotaur Monk on May 16, 2018.
             Succumbed to an adder's poison
             ... on level 2 of the Dungeon.
             The game lasted 00:01:12 (644 turns).

StormFighter the Chopper (Minotaur Monk)             Turns: 644, Time: 00:01:12

Health: 0/31       AC:  8    Str: 16    XL:     3   Next: 33%
Magic:  11/11      EV:  7    Int:  7    God:
Gold:   101        SH:  0    Dex: 12    Spells: 2/2 levels left

rFire    + . .     SeeInvis .   a - +0 hand axe
rCold    . . .     Gourm    .   (no shield)
rNeg     . . .     Faith    .   e - +0 chain mail
rPois    .         Spirit   .   (helmet restricted)
rElec    .         Reflect  .   (no cloak)
rCorr    .         Harm     .   (no gloves)
MR       .....                  (no boots)
Stlth    ..........             (no amulet)
HPRegen  0.10/turn              b - ring of magical power
MPRegen  0.12/turn              (no ring)

@: lethally poisoned (0 -> -9), flying
A: retaliatory headbutt, horns 2, deterioration 1, fire resistance 1, mutation
resistance 1
a: no special abilities


You were on level 2 of the Dungeon.
You were not hungry.

You visited 1 branch of the dungeon, and saw 2 of its levels.

You collected 101 gold pieces.

Inventory:

Hand Weapons
 a - a +0 hand axe (weapon)
Missiles
 d - 5 tomahawks (quivered)
Armour
 e - a +0 chain mail (worn)
Jewellery
 b - a ring of magical power (left hand)
Scrolls
 g - a scroll of teleportation {unknown}
 h - a scroll of magic mapping {unknown}
 j - a scroll of blinking {unknown}
 k - a scroll of amnesia {unknown}
Comestibles
 c - a ration


   Skills:
 - Level 3.6 Fighting
 + Level 5.4 Axes
 - Level 3.2 Dodging
 - Level 1.5 Stealth


You had 2 spell levels left.
You didn't know any spells.
Your spell library was empty.

Dungeon Overview and Level Annotations

Branches:
Dungeon (2/15)

Altars:


Innate Abilities, Weirdness & Mutations

You reflexively headbutt those who attack you in melee.
You have a pair of horns on your head.
Your body sometimes deteriorates upon taking damage.
Your flesh is heat resistant. (rF+)
You are somewhat resistant to further mutation.


Message History

You headbutt the adder!
You kill the adder!
A hobgoblin comes into view. It is wielding a club.
* * * LOW HITPOINT WARNING * * *
You feel sick.
The hobgoblin shouts!
You see here an adder corpse.
* * * LOW HITPOINT WARNING * * *
You feel sick.
* * * LOW HITPOINT WARNING * * *
You feel sick.
The hobgoblin hits you but does no damage.
You hit the hobgoblin.
The hobgoblin is almost dead.
* * * LOW HITPOINT WARNING * * *
You feel sick.
The hobgoblin hits you but does no damage.
Your chain mail prevents you from hitting the hobgoblin.
The hobgoblin is almost dead.
You die...

## .. .# .#
...#######.######
......g@.........
#########†.......
#........ #######
##........
.......
##......%..
.......
#..........
.......
####.)####.###
.......##.....#
#.#
.......#..###.#
#.#


You could see a hobgoblin.

Vanquished Creatures
  2 adders (D:2)
  2 leopard geckos (D:1)
  4 bats (D:1)
  A giant cockroach (D:1)
  2 goblins (D:1)
  A hobgoblin (D:1)
  A jackal (D:1)
  5 kobolds (D:1)
  4 rats (D:1)
22 creatures vanquished.

Notes
Turn   | Place    | Note
-------+----------+-------------------------------------------
     0 | D:1      | StormFighter the Minotaur Monk began the quest for the Orb.
     0 | D:1      | Reached XP level 1. HP: 19/19 MP: 0/0
    27 | D:1      | Reached skill level 4 in Axes
    73 | D:1      | Reached XP level 2. HP: 26/26 MP: 1/1
   589 | D:2      | Reached skill level 5 in Axes
   589 | D:2      | Reached XP level 3. HP: 27/31 MP: 2/2
   634 | D:2      | Gained mutation: Your flesh is heat resistant. (rF+) [potion of mutation]
   634 | D:2      | Gained mutation: Your body sometimes deteriorates upon taking damage. [potion of mutation]
   634 | D:2      | Gained mutation: You are somewhat resistant to further mutation. [potion of mutation]
   642 | D:2      | HP: 1/31 [poisoned by an adder]
   644 | D:2      | Succumbed to an adder's poison

Vault maps used:
D:1:      dpeg_arrival_arbitrary_c, minmay_heptomino_d4
D:2:      nemelex_xobeh_ov_fountains_minmay, minmay_hedge_maze

Skill      XL: |  1  2 |
---------------+-------+-----
Axes           | 4 5 |  5.4
Fighting       | |  3.6
Dodging        | |  3.2
Stealth        | |  1.5

Action                   || total
-------------------------++-------
Melee: Hand axe          ||    54
       Headbutt          ||     7
  Use: Potion            ||     2
 Stab: Sleeping          ||     5
Armor: Robe              ||     8
       Chain mail        ||    15
Dodge: Dodged            ||    34

Table legend:
 A = Spawn XP
 B = Non-spawn XP
 C = Spawn XP percentage of total XP
 D = Spawn monster count
 E = Non-spawn monster count
 F = Spawn count percentage of total count
 G = Total turns spent on level
                    A         B        C        D         E        F      G
               +---------+---------+-------+---------+---------+-------+---------
         Total |       0 |      60 |   0.0 |       0 |      22 |   0.0 |   644
               +---------+---------+-------+---------+---------+-------+---------
           D:1 |       0 |      34 |   0.0 |       0 |      20 |   0.0 |   582
           D:2 |       0 |      26 |   0.0 |       0 |       2 |   0.0 |    62
               +---------+---------+-------+---------+---------+-------+---------
